 Dungeon Crawl Stone Soup version 0.19-a0-722-g27ac516 (webtiles) character file.

160 Gagarin the Covered (level 5, -5/47 HPs)
             Began as a Minotaur Fighter on June 21, 2016.
             Was an Initiate of the Shining One.
             Slain by an orc priest
             ... wielding a +2 flail of crushing
              (6 damage)
             ... on level 3 of the Dungeon.
             The game lasted 00:05:38 (2135 turns).

Gagarin the Covered (Minotaur Fighter)              Turns: 2135, Time: 00:05:41

Health: -5/47      AC:  9    Str: 21    XL:     5   Next: 17%
Magic:  4/4        EV:  8    Int:  5    God:    the Shining One [......]
Gold:   86         SH:  9    Dex: 10    Spells: 0 memorised, 4 levels left

rFire  . . .     SeeInvis .     a - +0 war axe
rCold  . . .     Gourm    .     b - +0 scale mail
rNeg   . . .     Faith    .     c - +0 shield
rPois  .         Spirit   .     (helmet restricted)
rElec  .         Dismiss  .     o - +0 cloak (curse)
rCorr  .         Reflect  .     m - +0 pair of gloves
SustAt .         Harm     .     (no boots)
MR     .....                    (no amulet)
Stlth  ..........               (no ring)
                                (no ring)

@: glowing, not resistant to hostile enchantments, extremely unstealthy
A: retaliatory headbutt, horns 2
a: Renounce Religion


You were on level 3 of the Dungeon.
You worshipped the Shining One.
The Shining One was noncommittal.
You were not hungry.

You visited 1 branch of the dungeon, and saw 3 of its levels.

You collected 86 gold pieces.

Inventory:

Hand Weapons
 a - a +0 war axe (weapon)
Missiles
 g - 22 bolts
Armour
 b - a +0 scale mail (worn)
 c - a +0 shield (worn)
 m - a +0 pair of gloves (worn)
 o - a cursed +0 cloak (worn)
Scrolls
 h - 5 scrolls of remove curse {unknown}
 n - a scroll of identify {unknown}
 q - a scroll of teleportation {unknown}
 r - a scroll of amnesia {unknown}
 s - a scroll of noise {unknown}
 v - a scroll of fear {unknown}
Potions
 d - a potion of might
 e - 3 potions of cancellation {unknown}
 j - a potion of brilliance {unknown}
 k - a potion of curing {unknown}
 l - a potion of berserk rage {unknown}
 p - a potion of haste {unknown}
 t - a potion of mutation {unknown}
Comestibles
 f - 5 bread rations
 i - 2 beef jerkies
 u - 2 chunks of flesh


   Skills:
 + Level 4.7 Fighting
 + Level 3.7 Axes
 + Level 4.8 Armour
 + Level 1.0 Dodging
 + Level 4.4 Shields


You had 4 spell levels left.
You didn't know any spells.

Dungeon Overview and Level Annotations

Branches:
Dungeon (3/15)

Altars:
Cheibriados
Sif Muna
Yredelemnul
The Shining One


Innate Abilities, Weirdness & Mutations

You reflexively headbutt those who attack you in melee.
You have a pair of horns on your head.


Message History

Pain shoots through your body!
* * * LOW HITPOINT WARNING * * *
The orc priest casts a cantrip, but nothing happens.
Things that are here:
a mace; a leather armour; an orc corpse You hit the orc priest but do no damage.
You block the orc priest's attack.
The orc priest miscasts a cantrip.
The orc priest hits you but does no damage.
You hit the orc priest.
The orc priest is moderately wounded.
The orc priest hits you with a flail of crushing.
* * * LOW HITPOINT WARNING * * *
x2 You closely miss the orc priest.
The orc priest is moderately wounded.
The orc priest mumbles some strange prayers to Beogh against you.
Beogh smites you!
* * * LOW HITPOINT WARNING * * *
The orc priest hits you with a flail of crushing.
You die...

.#..#################
....ooo@............#
#...######....<..##.# #
#........#.#..#.#
#.####..##.#..#.# #.
#..#.....#.# #. .#
#.####..#..#..#.####
#.##.#
#.............#.....
#.##.#
#......#.#..##.####.####
#.##.# #....#.#.#...###
### #


You could see 3 orc priests.

Vanquished Creatures
  Crazy Yiuf (D:2)
  4 gnolls (D:3)
  2 adders
  An ooze (D:2)
  3 dart slugs (D:2)
  2 worms
  2 orcs (D:3)
  2 giant cockroaches
  7 hobgoblins
  11 jackals
  3 kobolds
  A quokka (D:2)
  4 bats
  3 giant newts
  7 goblins
  3 rats
56 creatures vanquished.

Notes
Turn   | Place    | Note
--------------------------------------------------------------
     0 | D:1      | Gagarin the Minotaur Fighter began the quest for the Orb.
     0 | D:1      | Reached XP level 1. HP: 19/19 MP: 0/0
   371 | D:1      | Reached XP level 2. HP: 27/27 MP: 1/1
   729 | D:2      | Reached XP level 3. HP: 28/33 MP: 2/2
   796 | D:2      | Found a snail-covered altar of Cheibriados.
  1183 | D:2      | Noticed Crazy Yiuf
  1192 | D:2      | Killed Crazy Yiuf
  1192 | D:2      | Reached XP level 4. HP: 41/41 MP: 3/3
  1689 | D:3      | Found a basalt altar of Yredelemnul.
  1714 | D:3      | Reached XP level 5. HP: 47/47 MP: 4/4
  1802 | D:3      | Reached skill level 1 in Dodging
  1832 | D:3      | Found a deep blue altar of Sif Muna.
  2089 | D:3      | Found a glowing golden altar of the Shining One.
  2091 | D:3      | Noticed an angel
  2096 | D:3      | Became a worshipper of the Shining One
  2135 | D:3      | HP: 1/47 [orc priest/divine providence (8)]
  2135 | D:3      | Slain by an orc priest

Vault maps used:
D:1:      saegor_arrival_simple_f
D:2:      kennysheep_slug_shrine, uniq_crazy_yiuf_cottage
D:3:      nicolae_overflow_crystal_walls, grunt_temple_overflow_holy_war

Skill      XL: |  1  2  3  4  5 |
---------------+----------------+-----
Armour         | 4 |  4.8
Fighting       | 4 |  4.7
Shields        | 4 |  4.4
Axes           | 3 |  3.7
Dodging        | 1 |  1.0

Action                   |  1- 3 |  4- 6 || total
-------------------------+-------+-------++-------
Melee: War axe           |    78 |    49 ||   127
       Headbutt          |     8 |     8 ||    16
  Eat: Chunk             |     1 |     3 ||     4
Armor: Scale mail        |    44 |    18 ||    62
Dodge: Dodged            |    23 |    13 ||    36
Block: Shield            |    33 |    25 ||    58
